 Dungeon Crawl Stone Soup version 0.30-a0-721-ga6a225cb13 (webtiles) character file.

Game seed: 4557895963726705860

47 Rrauwl the Shooter (level 3, -1/22 HPs)
             Began as a Kobold Hunter on Jan 27, 2023.
             Succumbed to a scorpion's poison
             ... on level 2 of the Dungeon.
             The game lasted 00:02:36 (781 turns).

Rrauwl the Shooter (Kobold Hunter)                   Turns: 781, Time: 00:02:36

Health: -1/22      AC:  5    Str: 10    XL:     3   Next: 97%
Magic:  3/3        EV: 13    Int: 10    God:
Gold:   46         SH:  0    Dex: 18    Spells: 2/2 levels left

rFire   . . .      SeeInvis .    a - +0 shortbow
rCold   . . .      Faith    .    (shield currently unavailable)
rNeg    + . .      Spirit   .    g - +0 ring mail {rN+}
rPois   .          Reflect  .    (no helmet)
rElec   .          Harm     .    (no cloak)
rCorr   .          Rampage  .    (no gloves)
Will    .....                    (no boots)
Stlth   +++                      (no amulet)
HPRegen 0.23/turn                (no ring)
MPRegen 0.08/turn                (no ring)

@: lethally poisoned (-1 -> -14), attractive
A: small, no large weapons, nightstalker 3
a: no special abilities


You were on level 2 of the Dungeon.
You visited 1 branch of the dungeon, and saw 2 of its levels.

You collected 46 gold pieces.

Inventory:

Hand Weapons
 a - a +0 shortbow (weapon)
Armour
 g - a +0 ring mail of positive energy (worn)
Scrolls
 b - a scroll of immolation
 f - a scroll of identify {unknown}
 h - a scroll of fog {unknown}
Potions
 c - a potion of attraction
 d - a potion of curing {unknown}
 e - a potion of lignification {unknown}


   Skills:
 + Level 2.8 Fighting
 + Level 5.7 Ranged Weapons
 + Level 0.2 Armour
 + Level 3.1 Dodging
 + Level 2.6 Stealth


You had 2 spell levels left.
You didn't know any spells.
Your spell library contained the following spells:

 Spells                   Type           Power      Damage    Failure   Level
 Kiss of Death            Conj/Necr      0%         2d5       69%         1
 Confusing Touch          Hex            0%         N/A       96%         3
 Dispel Undead            Necr           0%         3d6       100%        4


Dungeon Overview and Level Annotations

Branches:
Dungeon (2/15)

Altars:


Innate Abilities, Weirdness & Mutations

You are small and have problems with some larger weapons.
You are completely attuned to the shadows.


Message History

You shoot an arrow.
The arrow hits the scorpion but does no damage.
You hear a shout!
A kobold comes into view. It is wielding a +0 short sword.
The scorpion closely misses you.
The scorpion stings you but does no damage.
The kobold is attracted toward you.
You shoot an arrow. The arrow closely misses the scorpion.
The arrow closely misses the kobold.
The scorpion stings you.
You are poisoned.
The scorpion poisons you!
You shoot an arrow. The arrow hits the scorpion.
The scorpion is lightly wounded.
You feel very sick. The scorpion completely misses you.
The scorpion stings you but does no damage.
You shoot an arrow.
The arrow hits the scorpion but does no damage.
The scorpion is lightly wounded.
You feel sick. The scorpion stings you. The scorpion barely misses you.
You shoot an arrow. The arrow hits the scorpion!
The scorpion is severely wounded.
You feel sick. The scorpion stings you.
You are too injured to fight recklessly!
Fire: a) +0 shortbow
Press: ? - help, Q - select action Shift-Dir - straight line, f/p - scorpion
Aim: a scorpion (severely wounded, 64% to hit)
You shoot an arrow. The arrow barely misses the scorpion.
The arrow barely misses the kobold.
You feel sick. The scorpion stings you.
* * * LOW HITPOINT WARNING * * *
You are lethally poisoned!
The scorpion poisons you! The scorpion completely misses you.
Fire: a) +0 shortbow
Press: ? - help, Q - select action Shift-Dir - straight line, f/p - scorpion
Aim: a scorpion (severely wounded, 64% to hit)
You shoot an arrow. The arrow barely misses the scorpion.
The arrow hits the kobold.
You kill the kobold!
You die...

#.##.## #.# #.#....
#.# # #.#..##.#.#
###.#..<..#.#
..#.#..####.#
#...........#
###.......†.#
###.#.......#########
................@s)..
###.##......#########
# #.# ..#### # #.# #.
# #.#


You could see a scorpion.

Vanquished Creatures
  3 dart slugs
  7 ball pythons (D:1)
  4 bats
  3 endoplasms (D:1)
  2 giant cockroaches (D:1)
  2 goblins (D:1)
  2 hobgoblins (D:1)
  4 jackals (D:1)
  5 kobolds
  A quokka (D:1)
  A frilled lizard (D:1)
  5 rats (D:1)
39 creatures vanquished.

Notes
Turn   | Place    | Note
-------+----------+-------------------------------------------
     0 | D:1      | Rrauwl the Kobold Hunter began the quest for the Orb.
     0 | D:1      | Reached XP level 1. HP: 12/12 MP: 1/1
    72 | D:1      | Reached XP level 2. HP: 18/18 MP: 2/2
   143 | D:1      | Reached XP level 3. HP: 22/22 MP: 3/3
   374 | D:1      | Found a faded altar of an unknown god.
   773 | D:2      | Noticed a scorpion
   781 | D:2      | Succumbed to a scorpion's poison

Illustrated notes

Levels and vault maps discovered:
D:1:      minmay_arrival_stair_chambers, layout_rooms,
          shapermc_ecumenical_altar_notcrosses
D:2:      layout_basic, serial_bayou_ford_a, minmay_joined_circles

Skill      XL: |  1  2  3 |
---------------+----------+-----
Stealth        | 2 |  2.6
Dodging        | 3 |  3.1
Fighting       | |  2.8
Ranged Weapons | |  5.7
Armour         | |  0.2

Action                     || total
---------------------------++-------
   Fire: Shortbow          ||    88
    Use: Potion            ||     1
 Armour: Leather armour    ||     8
         Ring mail         ||    10
  Dodge: Dodged            ||    57

Table legend: (Time is in decaauts)
 A = Elapsed time spent in this place.
 B = Non-inter-level travel time spent in this place.
 C = Inter-level travel time spent in this place.
 D = Time resting spent in this place.
 E = Time spent auto-exploring this place.
 F = Levels seen in this place.
 G = Mean time per level.
                   A        B        C        D        E       F      G
               +--------+--------+--------+--------+--------+-----+--------+
         Total |    808 |    797 |     11 |      0 |    604 |   2 |  404.0 |
       Dungeon |    808 |    797 |     11 |      0 |    604 |   2 |  404.0 |
               +--------+--------+--------+--------+--------+-----+--------+

Top non-repeatable levels by time:
     D:1: 651 daAuts
     D:2: 156 daAuts
